 Dungeon Crawl Stone Soup version 0.26.0-10-g1f06aea511 (webtiles) character file.

Game seed: 5961137296038785938

23788 Amaterasu the Cleaver (level 12, -6/106 HPs)
             Began as a Minotaur Fighter on Jan 24, 2021.
             Was a Believer of Makhleb.
             Mangled by a death yak (13 damage)
             ... on level 3 of the Lair of Beasts.
             The game lasted 00:21:44 (13513 turns).

Amaterasu the Cleaver (Minotaur Fighter)           Turns: 13513, Time: 00:21:45

Health: -6/106     AC: 23    Str: 25    XL:     12   Next: 74%
Magic:  17/17      EV:  9    Int:  5    God:    Makhleb [**....]
Gold:   1027       SH: 12    Dex: 11    Spells: 11/11 levels left

rFire    . . .     SeeInvis .   a - +1 war axe
rCold    + . .     Faith    .   c - +0 kite shield
rNeg     . . .     Spirit   .   y - +4 plate armour
rPois    .         Reflect  .   (helmet restricted)
rElec    .         Harm     .   B - +1 cloak
rCorr    +         Rampage  .   i - +0 pair of gloves
Will     .....                  s - +0 pair of boots
Stlth    ..........             m - amulet of the acrobat
HPRegen  0.27/turn              v - ring of resist corrosion
MPRegen  0.15/turn              g - ring of protection from cold

@: mighty
A: retaliatory headbutt, horns 2
a: Renounce Religion, Minor Destruction


You were on level 3 of the Lair of Beasts.
You worshipped Makhleb.
Makhleb was pleased with you.
You visited 3 branches of the dungeon, and saw 14 of its levels.
You also visited: Sewer.

You collected 1027 gold pieces.

Inventory:

Hand Weapons
 a - a +1 war axe (weapon)
Armour
 c - a +0 kite shield (worn)
 i - a +0 pair of gloves (worn)
 s - a +0 pair of boots (worn)
 y - a +4 plate armour (worn)
 B - a +1 cloak (worn)
Jewellery
 g - a ring of protection from cold (right hand)
 l - an uncursed ring of positive energy
 m - an amulet of the acrobat (around neck)
 t - the amulet "Fuog" {RegenMP rN+ MP+9}
   (You found it on level 4 of the Dungeon)

   [amulet of magic regeneration]

   It increases your magic regeneration.
   It protects you from negative energy.
   It affects your magic capacity (+9).
 v - a ring of resist corrosion (left hand)
 G - an uncursed ring of ice
Wands
 b - a wand of flame (47)
 w - a wand of digging (6)
 F - a wand of random effects (37)
 H - a wand of disintegration (13)
 J - a wand of acid (3)
 L - a wand of paralysis (6)
Scrolls
 h - 4 scrolls of amnesia
 k - 3 scrolls of magic mapping
 n - a scroll of fog
 o - 4 scrolls of teleportation
 q - 5 scrolls of remove curse
 u - 2 scrolls of enchant weapon
 E - 2 scrolls of identify
Potions
 f - a potion of invisibility
 j - 8 potions of curing
 p - 3 potions of cancellation
 r - 2 potions of attraction
 x - a potion of haste
 z - a potion of magic
 A - 4 potions of heal wounds
 C - 2 potions of flight
Miscellaneous
 e - a phantom mirror
 D - a condenser vane
 K - a phial of floods


   Skills:
 - Level 10.0 Fighting
 - Level 12.0 Axes
 - Level 10.0 Armour
 - Level 7.0 Dodging
 - Level 9.0 Shields
 * Level 8.7 Invocations
 - Level 9.0 Evocations


You had 11 spell levels left.
You didn't know any spells.
Your spell library contained the following spells:

 Spells                   Type           Power        Failure   Level
 Corona                   Hex            0%           100%        1
 Ensorcelled Hibernation  Hex/Ice        0%           100%        2
 Confusing Touch          Hex            0%           100%        3
 Dazzling Flash           Conj/Hex       0%           100%        3
 Tukima's Dance           Hex            0%           100%        3
 Irradiate                Conj/Tmut      0%           100%        5
 Hydra Form               Tmut           0%           100%        6
 Statue Form              Tmut/Erth      0%           100%        6
 Dragon Form              Tmut           0%           100%        7


Dungeon Overview and Level Annotations

Branches:
Dungeon (10/15)            Temple (1/1) D:4            Lair (3/6) D:10
  Snake (0/4) Lair:2        Sewer (visited)
  Swamp: Lair:2-4    Shoals: Lair:2-4       Orc: D:9-12

Altars:
Ashenzari
Cheibriados
Dithmenos
Elyvilon
Fedhas
Gozag
Hepliaklqana
Kikubaaqudgha
Makhleb
Nemelex Xobeh
Okawaru
Qazlal
Ru
Sif Muna
Trog
Uskayaw
Vehumet
Wu Jian
Xom
Yredelemnul
Zin
The Shining One

Shops:
D:8 (

Annotations:
Lair:1 exclusion: 2 oklob plants


Innate Abilities, Weirdness & Mutations

You reflexively headbutt those who attack you in melee.
You have a pair of horns on your head.


Message History

You headbutt the death yak! You barely miss the death yak.
The death yak is heavily wounded.
You block the death yak's attack.
You completely miss the death yak. Your headbutt misses the death yak.
The death yak is heavily wounded.
You block the death yak's attack.
You barely miss the death yak.
The death yak is heavily wounded.
You feel sick.
You are no longer poisoned.
You block the death yak's attack.
You hit the death yak. You headbutt the death yak!
The death yak is severely wounded.
The death yak gores you!
* * * LOW HITPOINT WARNING * * *
You hit the death yak but do no damage. You headbutt the death yak!
The death yak is almost dead.
The death yak gores you!
You die...

.. #........ #
Y###......#......
#...#.#............
##..#...............
....P...............
....................
........Y†..........
P.......@...†.....PP
#........†...#..#
#........††††..# #.#
.......<..††.##.....
.................#..
........#....#.###
..Y......#.#####
####P###..## ## ####


You could see 2 death yaks and a yak (fleeing).

Vanquished Creatures
  Fannar (D:10)
  2 hydras
  A two-headed ogre (D:10)
  3 death yaks (Lair:3)
  6 elephants (Lair:3)
  A black mamba (Lair:2)
  2 gargoyles (D:10)
  5 cane toads
  6 komodo dragons
  A rime drake (Lair:3)
  Grinder (D:6)
  9 blink frogs
  A vampire (D:10)
  A wraith (D:8)
  12 yaks
  A steam dragon (D:7)
  3 nagas (Lair:2)
  10 water moccasins
  8 orc warriors
  2 ice beasts
  2 phantoms
  2 black bears (D:10)
  A sky beast (D:7)
  2 necrophages (D:8)
  9 ogres
  4 centaurs
  9 wolves
  21 bullfrogs
  3 gnoll sergeants (D:8)
  4 scorpions
  15 killer bees
  3 wights (D:8)
  A bullfrog zombie (D:9)
  A centaur zombie (D:6)
  6 hounds
  A quasit (D:7)
  2 bullfrog skeletons
  2 centaur skeletons
  3 jellies
  7 orc priests
  3 human zombies (D:8)
  9 orc wizards
  A human skeleton (D:8)
  Crazy Yiuf (D:2)
  Terence (D:2)
  5 iguanas
  6 worker ants
  A killer bee zombie (D:5)
  A hound zombie (D:7)
  A hound skeleton (D:7)
  3 mummies (D:8)
  A howler monkey zombie (D:9)
  4 gnolls (D:8)
  16 adders
  3 shadow imps
  3 white imps
  An ufetubus (D:8)
  8 oozes (Sewer)
  2 adder skeletons
  3 worms
  14 leopard geckos
  31 orcs
  14 ball pythons
  6 bats
  12 giant cockroaches
  9 goblins
  8 hobgoblins
  2 jackals (D:1)
  2 quokkas
  24 frilled lizards
  10 kobolds
  2 kobold zombies (D:8)
  2 orc zombies (D:8)
  8 rats
  2 bushes
393 creatures vanquished.

Vanquished Creatures (others)
  13 fungi
  36 plants
  10 toadstools (Lair:1)
59 creatures vanquished.

Grand Total: 452 creatures vanquished

Notes
Turn   | Place    | Note
-------+----------+-------------------------------------------
     0 | D:1      | Amaterasu the Minotaur Fighter began the quest for the Orb.
     0 | D:1      | Reached XP level 1. HP: 19/19 MP: 0/0
     6 | D:1      | Noticed a polar bear
     6 | D:1      | Noticed a six-headed hydra
     6 | D:1      | Noticed a wolf
     7 | D:1      | Noticed a lindwurm
     7 | D:1      | Noticed a killer bee
    62 | D:1      | Reached skill level 3 in Axes
   186 | D:1      | Reached XP level 2. HP: 26/26 MP: 1/1
   523 | D:1      | Reached skill level 4 in Axes
   871 | D:2      | Reached XP level 3. HP: 31/31 MP: 2/2
  1014 | D:2      | Reached skill level 5 in Axes
  1266 | D:2      | Found a runed translucent door.
  1267 | D:2      | Noticed Crazy Yiuf
  1303 | D:2      | Reached XP level 4. HP: 32/40 MP: 3/3
  1365 | D:2      | Found a sparkling altar of Nemelex Xobeh.
  1366 | D:2      | Found an opulent altar of Gozag.
  1433 | D:2      | Found a stormy altar of Qazlal.
  1580 | D:2      | Noticed Terence
  1590 | D:2      | Killed Terence
  1831 | D:2      | Killed Crazy Yiuf
  1832 | D:2      | Reached skill level 1 in Dodging
  2098 | D:3      | Found a shadowy altar of Dithmenos.
  2107 | D:3      | Reached XP level 5. HP: 45/46 MP: 4/4
  2885 | D:4      | Found a glowing drain.
  2906 | Sewer    | Entered a sewer
  3087 | Sewer    | Reached skill level 5 in Shields
  3087 | Sewer    | Reached XP level 6. HP: 50/53 MP: 5/5
  3209 | Sewer    | Reached skill level 5 in Armour
  3423 | Sewer    | Reached skill level 5 in Fighting
  3566 | D:4      | Got a transparent ruby amulet
  3572 | D:4      | Identified the amulet "Fuog" {RegenMP rN+ MP+9} (You found
                  | it on level 4 of the Dungeon)
  3638 | D:4      | Reached skill level 6 in Axes
  3638 | D:4      | Reached XP level 7. HP: 55/61 MP: 6/6
  3817 | D:4      | Found a staircase to the Ecumenical Temple.
  3831 | Temple   | Entered the Ecumenical Temple
  4422 | D:4      | Found a white marble altar of Elyvilon.
  4468 | D:5      | Entered Level 5 of the Dungeon
  4472 | D:5      | Reached skill level 7 in Axes
  4579 | D:5      | Found a glowing golden altar of the Shining One.
  4579 | D:5      | Found a shimmering altar of Xom.
  4580 | D:5      | Found an ancient bone altar of Kikubaaqudgha.
  4739 | D:5      | Reached skill level 8 in Axes
  4757 | D:5      | Reached skill level 1 in Evocations
  4757 | D:5      | Reached XP level 8. HP: 8/69 MP: 7/7
  4762 | D:5      | HP: 4/103 [phantom (5)]
  5506 | D:6      | Found a sacrificial altar of Ru.
  5681 | D:6      | Noticed Grinder
  5695 | D:6      | Paralysed by Grinder for 3 turns
  5707 | D:6      | Killed Grinder
  6153 | D:7      | Reached XP level 9. HP: 77/78 MP: 8/8
  6387 | D:7      | Reached skill level 5 in Dodging
  6766 | D:7      | Reached skill level 9 in Axes
  6977 | D:7      | Reached skill level 10 in Axes
  6984 | D:7      | Found a sacrificial altar of Ru.
  7128 | D:7      | Found a shimmering blue altar of Sif Muna.
  7139 | D:8      | Found a sparkling altar of Nemelex Xobeh.
  7190 | D:8      | Found Leseosal's Weapon Boutique.
  7395 | D:8      | Reached skill level 11 in Axes
  7395 | D:8      | Reached XP level 10. HP: 65/86 MP: 9/9
  7920 | D:8      | Reached skill level 12 in Axes
  7920 | D:8      | Found a basalt altar of Yredelemnul.
  7930 | D:8      | Reached skill level 5 in Evocations
  8306 | D:9      | Found a burning altar of Makhleb.
  8310 | D:9      | Found a glowing silver altar of Zin.
  8311 | D:9      | Noticed an Executioner
  8311 | D:9      | Noticed an angel
  8316 | D:9      | Became a worshipper of Makhleb the Destroyer
  8751 | D:9      | Reached skill level 1 in Invocations
  9011 | D:10     | Entered Level 10 of the Dungeon
  9038 | D:10     | Noticed Fannar
  9065 | D:10     | Killed Fannar
  9074 | D:10     | Reached * piety under Makhleb
  9075 | D:10     | Reached XP level 11. HP: 50/95 MP: 11/11
  9324 | D:10     | Noticed a two-headed ogre
  9331 | D:10     | Killed a two-headed ogre
 10382 | D:10     | Found a staircase to the Lair.
 10549 | Lair:1   | Entered Level 1 of the Lair of Beasts
 10741 | Lair:1   | Reached ** piety under Makhleb
 10752 | Lair:1   | Reached skill level 10 in Fighting
 10881 | Lair:1   | Found a blossoming altar of Fedhas.
 11029 | Lair:1   | Noticed an oklob plant
 11709 | Lair:1   | Noticed an oklob plant
 12201 | Lair:2   | Noticed a seven-headed hydra
 12210 | Lair:2   | Killed a seven-headed hydra
 12221 | Lair:2   | Reached skill level 10 in Armour
 12482 | Lair:2   | Found a staircase to the Snake Pit.
 12487 | Lair:2   | Reached XP level 12. HP: 105/106 MP: 14/14
 12550 | Lair:2   | Reached skill level 5 in Invocations
 13472 | Lair:3   | Noticed a death yak
 13473 | Lair:3   | Noticed a death yak
 13477 | Lair:3   | Noticed a four-headed hydra
 13480 | Lair:3   | Killed a death yak
 13481 | Lair:3   | Noticed a death yak
 13482 | Lair:3   | Noticed a death yak
 13485 | Lair:3   | Noticed a death yak
 13490 | Lair:3   | Killed a death yak
 13500 | Lair:3   | Killed an eight-headed hydra
 13506 | Lair:3   | Killed a death yak
 13513 | Lair:3   | Mangled by a death yak

Illustrated notes

Levels and vault maps discovered:
D:1:      onia_arrival_zoo_common, layout_loops_cross, st_stairs_12,
          minmay_misc_feat_room, minmay_hedge_maze, roderic_filled_cross
D:2:      layout_basic, grunt_temple_overflow_opulence, lemuel_doored_altar,
          uniq_terence, uniq_crazy_yiuf_cottage
D:3:      layout_loops_ring, lemuel_round_altar, chequers_decorated_corner
D:4:      layout_basic, minmay_temple_entry_mist, cheibrodos_sewer_entry_bend,
          chequers_ossuary_entry_cave, serial_park_tiny_2, elyvilon_altar_1
D:5:      lemuel_upstairs_altar, layout_rooms,
          gammafunk_temple_overflow_forgotten
D:6:      layout_rooms, basic_altar, chequers_serial_rivers_room_b, uniq_grinder
D:7:      minmay_the_grid_plus [minmay_the_grid_gridbox,
          minmay_the_grid_dragon_b, minmay_the_grid_minigrid_large,
          minmay_the_grid_minigrid_small_alt,
          minmay_the_grid_prize_inner_circle], layout_loops_ring,
          lemuel_round_altar, lemuel_round_altar
D:8:      layout_cave_pools, lemuel_mausoleum_altar_yredelemnul, basic_altar,
          serial_gnoll_camp, gnoll_camp_mini_shop, gnoll_camp_mini_hut,
          gnoll_camp_mini_hut, gnoll_camp_mini_house,
          chequers_serial_rivers_micro_d, minmay_mini_ossuary
D:9:      layout_loops_ring, grunt_temple_overflow_order_and_chaos_2
D:10:     layout_stronghold, grunt_lair_entry_orc_guard_hut, minivault_24,
          small_statue_intersection, uniq_fannar
Temple:   nicolae_temple_figure_zero
Lair:1:   layout_cave_pods, serial_forest, infiniplex_forest_clump_tiny,
          infiniplex_forest_clump_diagonal, infiniplex_forest_diagonal,
          infiniplex_forest_lined_3, infiniplex_forest_end_3,
          infiniplex_forest_end_2, minivault_11, tgw_fedhas,
          minmay_lair_oklob_chamber, lemuel_fruit_tree,
          infiniplex_staircase_pool_2
Lair:2:   layout_hall_layers, guppyfry_snake_entry_garden, beast_lair_carwin_6
Lair:3:   layout_gridlike, swamp_mist, gammafunk_lair_bear_cave

Skill      XL: |  1  2  3  4  5  6  7  8  9 10 11 12 |
---------------+-------------------------------------+-----
Axes           | 3 4 5 6 8 11 12 | 12.0
Armour         | 4 5 7 10 | 10.0
Shields        | 4 5 6 7 8 9 |  9.0
Fighting       | 4 5 6 7 8 10 | 10.0
Dodging        | 1 3 4 5 7 |  7.0
Evocations     | 1 2 4 5 6 9 |  9.0
Invocations    | 2 4 8 |  8.7

Action                   |  1- 3 |  4- 6 |  7- 9 | 10-12 || total
-------------------------+-------+-------+-------+-------++-------
Melee: War axe           |   118 |   217 |   311 |   569 ||  1215
       Headbutt          |    22 |    24 |    55 |   124 ||   225
Evoke: Wand              |       |       |     3 |     6 ||     9
  Use: Scroll            |     3 |     5 |    12 |     3 ||    23
       Potion            |       |       |     2 |     3 ||     5
 Stab: Distracted        |       |       |       |     1 ||     1
Armor: Scale mail        |    35 |   116 |    56 |       ||   207
       Skin              |       |       |     5 |       ||     5
       Plate armour      |       |       |    49 |   258 ||   307
Dodge: Dodged            |    26 |    80 |    90 |   187 ||   383
Block: Kite shield       |    43 |   162 |   167 |   316 ||   688
